 Dungeon Crawl Stone Soup version 0.29.0-4-gdea44cf6ec (webtiles) character file.

Game seed: 2868888271561908051

4 qw the Sneak (level 1, -7/14 HPs)
             Began as a Gargoyle Delver on Sept 10, 2022.
             Mangled by an ogre
             ... wielding a +0 giant club
              (21 damage)
             ... on level 4 of the Dungeon.
             The game lasted 00:00:04 (134 turns).

qw the Sneak (Gargoyle Delver)                       Turns: 134, Time: 00:00:05

Health: -7/14      AC:  5    Str: 15    XL:     1   Next: 60%
Magic:  1/1        EV: 11    Int: 10    God:
Gold:   0          SH:  0    Dex: 11    Spells: 0/0 levels left

rFire   . . .      SeeInvis .   a - +0 hand axe
rCold   . . .      Faith    .   (no shield)
rNeg    + . .      Spirit   .   b - +0 leather armour
rPois   inf        Reflect  .   (no helmet)
rElec   +          Harm     .   (no cloak)
rCorr   .          Rampage  .   (no gloves)
Will    .....                   (no boots)
Stlth   +++.......              (no amulet)
HPRegen 0.04/turn               (no ring)
MPRegen 0.07/turn               (no ring)

@: no status effects
A: sickness immunity, AC +2, negative energy resistance 1, electricity
resistance, torment resistance 1, petrification resistance
a: no special abilities


You were on level 4 of the Dungeon.
You visited 1 branch of the dungeon, and saw 2 of its levels.


Innate Abilities, Weirdness & Mutations

You are immune to sickness and miasma.
Your stone body is resilient. (AC +2)
You are immune to poison.
You resist negative energy. (rN+)
You are resistant to electric shocks. (rElec)
You are resistant to unholy torment.
You are immune to petrification.


   Skills:
 - Level 3.2 Fighting
 + Level 2.1 Axes
 - Level 1.5 Dodging
 - Level 5.4 Stealth


You couldn't memorise any spells.
You didn't know any spells.
Your spell library was empty.

Inventory:

Hand Weapons
 a - a +0 hand axe (weapon)
Armour
 b - a +0 leather armour (worn)
Wands
 g - a wand of digging (3)
Potions
 f - a potion of haste

Dungeon Overview and Level Annotations

Branches:
Dungeon (5/15)
 Temple: D:4-7

Altars:


Message History

The giant cockroach bites you but does no damage.
You closely miss the giant cockroach.
The giant cockroach bites you but does no damage.
The giant cockroach barely misses you.
You hit the giant cockroach.
The giant cockroach is heavily wounded.
The giant cockroach bites you but does no damage.
You hit the giant cockroach.
You kill the giant cockroach!
Your Axes skill increases to level 2!
You start resting.
HP restored.
You open the door.
An ogre and a giant cockroach come into view.
Found a ring mail, 5 stones and a potion of haste.
The ogre shouts!
A phantom comes into view.
You closely miss the giant cockroach. The giant cockroach closely misses you.
You completely miss the giant cockroach.
The giant cockroach barely misses you.
The giant cockroach bites you but does no damage.
You hit the giant cockroach but do no damage.
The giant cockroach bites you but does no damage.
You closely miss the giant cockroach.
The giant cockroach bites you but does no damage.
The giant cockroach barely misses you.
You hit the giant cockroach.
You kill the giant cockroach!
You closely miss the ogre. The ogre closely misses you.
You hit the ogre but do no damage. The ogre barely misses you.
You hit the ogre.
The ogre is lightly wounded.
You barely miss the ogre.
The ogre is lightly wounded.
The ogre hits you with a +0 giant club!!
Ouch! That really hurt!
You die...

#.}.. #.... ##.## +...!
+.... #.... #.... #.}(.
#.#.# ##### ..[ #.#.#
##.>..
######O####.#.###.##....
.......@....#.....##....
...(..%.................
......(....#..###.##....
##...#######..###.##....
#... #....#.##.... ....
#.##.#.###### ##.
#.##.#.# ..
#......######
#.##........#


You could see an ogre.

Vanquished Creatures
  2 giant cockroaches (D:4)
  A quokka (D:4)
3 creatures vanquished.

Notes
Turn   | Place    | Note
-------+----------+-------------------------------------------
     0 | D:5      | qw the Gargoyle Delver began the quest for the Orb.
     0 | D:5      | Reached XP level 1. HP: 14/14 MP: 1/1
     0 | D:5      | 0 ||| qw: Version: 0.1-a-116-g5d60599
     0 | D:5      | 0 ||| qw: Game counter: 9306
     0 | D:5      | 0 ||| qw: Always use a shield: true
     0 | D:5      | 0 ||| qw: God list: Okawaru
     0 | D:5      | 0 ||| qw: Allow faded altars: false
     0 | D:5      | 0 ||| qw: Do Orc after D:15 true
     0 | D:5      | 0 ||| qw: Do second Lair branch before Depths: true
     0 | D:5      | 0 ||| qw: Lair rune preference: random
     0 | D:5      | 0 ||| qw: Plans: Normal
     0 | D:5      | 0 ||| PLANNING D:1-11
     6 | D:5      | 6 ||| DROPPING scroll of fog.
     7 | D:5      | 7 ||| DROPPING scroll of magic mapping.
     8 | D:5      | 8 ||| DROPPING scroll of fear.
   123 | D:4      | Noticed an ogre
   125 | D:4      | Noticed a phantom
   134 | D:4      | Mangled by an ogre

Levels and vault maps discovered:
D:4:      layout_loops_cross, serial_shops, shop, kennysheep_small_square,
          uniq_blork_the_orc
D:5:      layout_loops_corners, gammafunk_temple_overflow_elements,
          general_overflow_altar, nicolae_overflow_crystal_walls

Skill      XL: |  1 |
---------------+----+-----
Axes           | 2 |  2.1
Fighting       | |  3.2
Dodging        | |  1.5
Stealth        | |  5.4

Action                   || total
-------------------------++-------
Melee: Hand axe          ||    19
Armor: Leather armour    ||     8
Dodge: Dodged            ||    11

Table legend:
 A = Non-vault XP
 B = Vault XP
 C = Vault XP percentage of total XP
 D = Non-vault monster count
 E = Vault monster count
 F = Vault count percentage of total count
                 A         B        C        D         E       F
            +---------+---------+-------+---------+---------+-------
      Total |       4 |       2 |  33.3 |       2 |       1 |  33.3
            +---------+---------+-------+---------+---------+-------
        D:4 |       4 |       2 |  33.3 |       2 |       1 |  33.3
            +---------+---------+-------+---------+---------+-------
